 Dungeon Crawl Stone Soup version 0.18-a0-1640-g8b6524e (webtiles) character file.

128894 Geeful the Transmogrifier (level 17, -9/154 HPs)
             Began as an Octopode Transmuter on Mar 27, 2016.
             Was the Champion of Dithmenos.
             Mangled by a spectral seven-headed hydra (13 damage)
             ... called from beyond by a ghost crab
             ... on level 3 of the Swamp.
             The game lasted 02:48:32 (39031 turns).

Geeful the Transmogrifier (Octopode Transmuter)    Turns: 39031, Time: 02:48:32

Health: -9/154     AC: 13    Str:  9    XL:     17   Next: 4%
Magic:  24/29      EV: 17    Int: 19    God:    Dithmenos [******]
Gold:   2342       SH:  0    Dex: 21    Spells: 8 memorised, 10 levels left

rFire  . . .     SeeInvis +       - Unarmed
rCold  . . .     Gourm    .     (shield currently unavailable)
rNeg   . . .     Faith    .     (helmet currently unavailable)
rPois  +         Spirit   .     M - amulet of regeneration
rElec  .         Dismiss  .     X - +2 ring of protection
rCorr  .         Reflect  .     y - ring "Qoz Qif" {rPois Int+2 Dex+3 SInv}
SustAt .         Harm     .     W - +3 ring of protection
MR     +....                    w - ring of stealth
Stlth  +++++.....               (no ring)
                                (no ring)
                                (no ring)
                                (no ring)

@: hydra-form, wreathed by umbra, drained, somewhat resistant to hostile
enchantments, quite stealthy
A: almost no armour, amphibious, 8 rings, (constrict 8), (camouflage 0),
(gelatinous body 0)
a: End Transformation, Shadow Step, Shadow Form, Renounce Religion


You were on level 3 of the Swamp.
You worshipped Dithmenos.
Dithmenos was exalted by your worship.
You were hungry.
You were a six-headed hydra.
You visited 5 branches of the dungeon, and saw 29 of its levels.
You also visited: Sewer.

You collected 2865 gold pieces.
You spent 523 gold pieces at shops.

Inventory:

Hand Weapons
 b - a +7 blowgun
Missiles
 a - 536 arrows
 g - 41 poisoned needles
 B - 4 throwing nets (quivered)
 Z - 9 curare-tipped needles
Armour
 t - a +3 buckler of reflection (melded)
 x - a +2 hat (melded)
Magical Staves
 J - an uncursed staff of energy
Jewellery
 h - an uncursed ring of ice
 w - a ring of stealth (on tentacle)
 y - the ring "Qoz Qif" (right foreclaw) {rPois Int+2 Dex+3 SInv}
   (You found it on level 8 of the Dungeon)

   [ring of dexterity]

   It affects your intelligence (+2).
   It affects your dexterity (+3).
   It protects you from poison.
   It lets you see invisible.
 F - an uncursed amulet of magic regeneration
 H - an uncursed amulet of dismissal
 M - an amulet of regeneration (around neck)
 W - a +3 ring of protection (on tentacle)
 X - a +2 ring of protection (left foreclaw)
Wands
 l - a wand of disintegration (19/24)
 L - a wand of heal wounds (8/9)
 S - a wand of heal wounds (7/9)
 T - a wand of confusion (26/48)
 V - a wand of teleportation (4/9)
Scrolls
 k - 3 scrolls of fog
 s - 3 scrolls of teleportation
 u - a scroll of fear
 K - 2 scrolls of magic mapping
 O - 5 scrolls of remove curse
 P - a scroll of recharging
 Q - a scroll of summoning
Potions
 e - 3 potions of agility
 f - 2 potions of brilliance
 i - 3 potions of might
 j - a potion of flight
 n - 4 potions of haste
 v - 11 potions of curing
 C - 3 potions of invisibility
 D - a potion of magic {unknown}
 G - 3 potions of resistance
 I - 2 potions of mutation
 N - 2 potions of lignification
 R - a potion of cancellation {unknown}
 Y - a potion of beneficial mutation {unknown}
Books
 U - Roxanne's Handbook of Transmigration
   (You took it off Roxanne on level 15 of the Dungeon)

   Spells                             Type                      Level
   a - Beastly Appendage              Transmutation                1
   b - Sticks to Snakes               Transmutation                2
   c - Spider Form                    Transmutation/Poison         3
   d - Statue Form                    Transmutation/Earth          6
   e - Dragon Form                    Transmutation                7
Miscellaneous
 q - an ornate deck of summoning {drawn: 1}
Comestibles
 c - 19 bread rations
 d - 10 meat rations
 o - 16 royal jellies
 r - 47 fruits
 A - 15 beef jerkies
 E - 3 slices of pizza


   Skills:
 - Level 11.8(11.5) Fighting
 - Level 11.9(11.6) Dodging
 - Level 12.5(12.2) Shields
 - Level 13.2(12.9) Unarmed Combat
 + Level 8.6(8.3) Spellcasting
 * Level 14.3(14.0) Transmutations
 - Level 6.6(6.3) Invocations


You had 10 spell levels left.
You knew the following spells:

 Your Spells              Type           Power        Failure   Level  Hunger
b - Sticks to Snakes      Trmt           ######..     1%          2    None
c - Spider Form           Trmt/Pois      ####......   1%          3    None
d - Cure Poison           Pois           #.........   14%         2    None
e - Blink                 Tloc           N/A          14%         2    None
f - Blade Hands           Trmt           ######....   1%          5    #####..
g - Shroud of Golubria    Chrm/Tloc      #.........   14%         2    None
h - Apportation           Tloc           #.........   10%         1    None
i - Hydra Form            Trmt           ######....   4%          6    ######.


Dungeon Overview and Level Annotations

Branches:
Dungeon (15/15)            Temple (1/1) D:7            Lair (8/8) D:11
  Swamp (3/4) Lair:5        Snake (0/4) Lair:6        Slime (0/6) Lair:7
    Orc (2/2) D:12            Elf (0/3) Orc:2        Vaults (0/5) D:14
 Depths (0/5) D:15

Altars:
Ashenzari
Cheibriados
Dithmenos
Elyvilon
Fedhas
Gozag
Kikubaaqudgha
Makhleb
Nemelex Xobeh
Okawaru
Pakellas
Qazlal
Ru
Sif Muna
Trog
Vehumet
Xom
Yredelemnul
Zin
The Shining One
Jiyva

Shops:
D:10 *   Orc:1 %   Orc:2 *:([

Annotations:
D:13 exclusion: 2 doors


Innate Abilities, Weirdness & Mutations

You cannot wear most types of armour.
You are amphibious.
You can wear up to eight rings at the same time.
((You can use your tentacles to constrict eight enemies at once.))
((Your skin changes colour to match your surroundings (Stealth).))
((Your rubbery body absorbs attacks (AC +1).))


Message History

The spectral seven-headed hydra closely misses you.
The spectral seven-headed hydra bites you but does no damage.
The spectral seven-headed hydra barely misses you.
The spectral seven-headed hydra bites you but does no damage.
The spectral seven-headed hydra bites you.
* * * LOW HITPOINT WARNING * * *
The spectral four-headed hydra bites you but does no damage.
The spectral four-headed hydra closely misses you.
The spectral four-headed hydra misses you.
The spectral four-headed hydra bites you but does no damage.
The ghost crab completely misses your killer bee. x2
You are engulfed in spectral mist.
Your killer bee is engulfed in spectral mist.
Your killer bee closely misses the white very ugly thing.
Your killer bee stings the spectral seven-headed hydra.
Your killer bee stings the spectral four-headed hydra.
The white very ugly thing is engulfed in spectral mist.
The spectral seven-headed hydra bites you but does no damage.
The spectral seven-headed hydra bites you!
You die...

≈≈≈.≈)(.≈ ♣♣≈≈≈≈.♣..≈≈..
....≈≈...♣♣♣≈≈≈≈≈≈♣♣...≈≈
≈.♣♣≈...≈.≈...≈.≈≈≈♣♣..≈♣
≈≈..≈≈≈≈≈≈≈...§.♣...!.≈.§
.....§≈≈≈≈...♣♣♣♣.≈..§≈≈.
≈.≈≈≈≈≈§≈..<§♣ ♣≈≈≈/≈≈§.
♣.♣≈≈.§.§§§.♣♣♣♣♣≈≈≈.....
..?.≈.§§y§.♣♣≈...≈≈≈.≈.≈≈
..≈§♣§♣ZD§§.≈.≈≈.≈..≈/.≈≈
#.§Zy§uZ§......≈......).
#.§§t♣♣y§.#..≈.≈....≈≈≈≈
#.§§♣ ♣.#.#....♣≈...≈≈≈≈
....♣ ..###.♣♣♣≈≈≈..≈≈≈.
.... ... ♣♣♣♣≈≈≈≈.. ##.
... ♣♣.≈≈≈. # ..#..
♣.≈≈≈. .#


You could see a white very ugly thing, a ghost crab, a spectral giant leech, a
spectral seven-headed hydra, a spectral four-headed hydra and 3 friendly killer
bees.

Vanquished Creatures
  Gastronok (Lair:2)
  2 thorn hunters
  Roxanne (D:15)
  Kirke (D:14)
  An orc warlord (Orc:2)
  5 dire elephants (Lair:8)
  A stone giant (Orc:2)
  Nessos (D:15)
  2 ettins (Orc:2)
  Snorg (Orc:1)
  2 vault guards (D:14)
  Josephine (D:13)
  10 hydras
  Harold (D:12)
  2 rakshasas
  A ghost crab (Swamp:1)
  2 catoblepae
  A centaur warrior (D:13)
  Erolcha (Orc:1)
  2 anacondas
  4 alligators
  3 ogre magi (D:15)
  11 death yaks
  A tengu warrior (D:15)
  An orc high priest (Orc:2)
  A deep elf knight (Orc:2)
  3 skeletal warriors (D:12)
  An unseen horror (D:14)
  A hill giant (D:12)
  3 swamp dragons
  5 wizards
  4 orc sorcerers
  8 ugly things
  A griffon (Lair:8)
  A faun (Lair:7)
  3 deep elf magi
  12 cyclopes
  A hornet (Swamp:2)
  5 centaur zombies
  2 manticores
  17 elephants
  Maurice (D:9)
  9 black mambas
  A naga mage (D:15)
  20 spiny frogs
  2 gargoyles
  Joseph (D:10)
  A centaur skeleton (D:14)
  6 komodo dragons
  3 rime drakes
  2 kobold demonologists (D:15)
  A queen bee (D:10)
  A tengu conjurer (D:15)
  8 two-headed ogres
  3 giant leeches
  A polar bear (Lair:4)
  9 trolls
  8 blink frogs (Lair:5)
  A blink frog (shapeshifter) (D:15)
  8 slime creatures
  5 bog bodies
  5 water elementals (D:15)
  A shadow (D:14)
  20 humans
  7 wraiths
  5 large abominations (D:13)
  44 yaks
  7 small abominations (D:13)
  A wyvern (D:9)
  A hungry ghost (D:12)
  6 hippogriffs
  2 basilisks
  A mottled dragon (D:11)
  7 vampire mosquitoes
  3 wargs
  6 swamp worms
  23 water moccasins
  5 swamp drakes
  9 porcupines
  2 ice beasts (D:9)
  3 eyes of draining
  19 orc warriors
  Purgy (Sewer)
  4 sky beasts
  A wasp (D:13)
  A necrophage (D:11)
  17 ogres
  A phantom (D:9)
  7 centaurs
  15 wolves
  20 crocodiles
  5 big kobolds
  23 giant frogs
  A gnoll sergeant (D:5)
  A wyvern zombie (D:11)
  7 scorpions
  A water moccasin skeleton (D:7)
  47 killer bees
  6 wights
  A howler monkey (D:9)
  5 electric eels
  3 jellies
  A wasp zombie (D:8)
  5 crimson imps
  A quasit (D:11)
  5 hounds
  19 orc priests
  2 giant frog skeletons (D:11)
  20 orc wizards
  A gnoll shaman (D:10)
  Natasha (thrice) (D:4)
  10 iguanas
  13 worker ants
  17 sheep
  2 hound skeletons
  2 worker ant zombies
  Robin (D:4)
  24 adders
  15 gnolls
  51 river rats
  2 oozes
  2 adder zombies
  An adder skeleton (D:4)
  4 worms
  6 dart slugs
  4 giant geckos
  111 orcs
  8 ball pythons
  11 bats
  9 giant cockroaches
  14 goblins
  11 hobgoblins
  12 jackals
  3 quokkas
  5 giant newts
  27 kobolds
  A quokka skeleton (D:5)
  5 rats
  2 fungi
  7 plants
999 creatures vanquished.

Vanquished Creatures (collateral kills)
  A hill giant (D:11)
  The ghost of Geeful the Insei, a novice OpTm (D:4)
  A phantom (D:4)
3 creatures vanquished.

Vanquished Creatures (others)
  A giant leech (Swamp:3)
  A human (D:14)
  A giant frog (D:14)
  3 howler monkeys (D:14)
  39 fungi
  80 plants
125 creatures vanquished.

Grand Total: 1127 creatures vanquished

Notes
Turn   | Place    | Note
--------------------------------------------------------------
     0 | D:1      | Geeful the Octopode Transmuter began the quest for the Orb.
     0 | D:1      | Reached XP level 1. HP: 13/13 MP: 3/3
   250 | D:1      | Reached XP level 2. HP: 15/18 MP: 3/5
  1072 | D:1      | Learned a level 2 spell: Sticks to Snakes
  1142 | D:2      | Reached XP level 3. HP: 23/23 MP: 4/6
  2004 | D:2      | Reached skill level 3 in Transmutations
  2211 | D:3      | Reached XP level 4. HP: 28/28 MP: 3/8
  2351 | D:3      | Learned a level 3 spell: Spider Form
  2412 | D:3      | Reached XP level 5. HP: 9/33 MP: 7/9
  2703 | D:3      | Learned a level 2 spell: Cure Poison
  3520 | D:4      | Noticed Natasha
  3542 | D:4      | Noticed a phantom
  3544 | D:4      | Killed Natasha
  4131 | D:4      | Reached skill level 4 in Transmutations
  4131 | D:4      | Reached XP level 6. HP: 33/38 MP: 6/10
  4313 | D:4      | Found a white marble altar of Elyvilon.
  4338 | D:4      | Noticed Robin
  4349 | D:4      | Killed Robin
  4617 | D:4      | Noticed Geeful's ghost (novice OpTm)
  4758 | D:4      | Killed Geeful's ghost
  4758 | D:4      | Reached skill level 5 in Unarmed Combat
  4758 | D:4      | Reached XP level 7. HP: 28/43 MP: 5/12
  4778 | D:4      | Reached skill level 5 in Transmutations
  4785 | D:4      | Noticed Natasha
  4806 | D:4      | Killed Natasha
  5413 | D:4      | Noticed Natasha
  5423 | D:4      | Killed Natasha
  5601 | D:4      | Found a basalt altar of Yredelemnul.
  5778 | D:4      | Found an iron altar of Okawaru.
  5781 | D:4      | Found an ancient bone altar of Kikubaaqudgha.
  5784 | D:4      | Found a blossoming altar of Fedhas.
  6151 | D:5      | Entered Level 5 of the Dungeon
  6302 | D:5      | Reached XP level 8. HP: 46/48 MP: 12/14
  6501 | D:5      | Reached skill level 6 in Transmutations
  7079 | D:6      | Found a glowing drain.
  7109 | Sewer    | Entered a sewer
  7162 | Sewer    | Noticed Purgy
  7170 | Sewer    | Killed Purgy
  7923 | D:7      | Learned a level 2 spell: Blink
  7949 | D:7      | Found a staircase to the Ecumenical Temple.
  7958 | Temple   | Entered the Ecumenical Temple
  8145 | D:7      | Found a shadowy altar of Dithmenos.
  8152 | D:7      | Became a worshipper of Dithmenos the Shadowed
  8848 | D:7      | Reached skill level 7 in Transmutations
  9107 | D:8      | Noticed a troll
  9128 | D:8      | Reached skill level 5 in Spellcasting
  9128 | D:8      | Reached XP level 9. HP: 33/53 MP: 12/16
  9315 | D:8      | Learned a level 5 spell: Blade Hands
  9318 | D:8      | Learned a level 2 spell: Shroud of Golubria
  9320 | D:8      | Learned a level 1 spell: Apportation
  9331 | D:8      | Noticed a green ugly thing
  9357 | D:8      | Killed a green ugly thing
  9547 | D:8      | Got a sparkling brass ring
  9549 | D:8      | Identified Withas's Collected Works on Hurtful Fire
  9551 | D:8      | Identified the ring "Qoz Qif" {rPois Int+2 Dex+3 SInv} (You found it on level 8 of the Dungeon)
  9679 | D:8      | Killed a troll
  9679 | D:8      | Reached skill level 8 in Transmutations
 10305 | D:8      | Reached * piety under Dithmenos
 10806 | D:8      | Found a shimmering altar of Xom.
 10807 | D:8      | Found a sparkling altar of Nemelex Xobeh.
 11073 | D:8      | Reached XP level 10. HP: 58/58 MP: 14/19
 11583 | D:9      | Reached skill level 9 in Transmutations
 12000 | D:9      | Noticed Maurice
 12016 | D:9      | Killed Maurice
 12038 | D:9      | Reached ** piety under Dithmenos
 12142 | D:9      | Reached skill level 10 in Unarmed Combat
 12753 | D:9      | Reached skill level 10 in Transmutations
 12892 | D:10     | Entered Level 10 of the Dungeon
 13638 | D:10     | Reached XP level 11. HP: 57/63 MP: 16/21
 13774 | D:10     | Noticed Joseph
 13988 | D:10     | Killed Joseph
 14114 | D:10     | Found Vuhaw's Demolitions Depot.
 14144 | D:10     | Reached *** piety under Dithmenos
 14498 | D:10     | Noticed a deep elf mage
 14508 | D:10     | Killed a deep elf mage
 16084 | D:10     | Reached **** piety under Dithmenos
 16208 | D:11     | Noticed a hill giant
 16221 | D:11     | Killed a hill giant
 16814 | D:11     | Found a staircase to the Lair.
 17059 | D:11     | Reached skill level 5 in Dodging
 17274 | D:11     | Reached skill level 5 in Fighting
 17791 | Lair:1   | Entered Level 1 of the Lair of Beasts
 18080 | Lair:1   | Learned a level 6 spell: Hydra Form
 18284 | Lair:1   | Reached XP level 12. HP: 78/78 MP: 15/22
 19045 | Lair:1   | Reached ***** piety under Dithmenos
 19815 | Lair:2   | Found a sacrificial altar of Ru.
 19901 | Lair:2   | Noticed Gastronok
 20049 | Lair:2   | Killed Gastronok
 20049 | Lair:2   | Reached skill level 1 in Invocations
 21608 | Lair:3   | Noticed a five-headed hydra
 21620 | Lair:3   | Killed a five-headed hydra
 22193 | Lair:4   | Noticed a seven-headed hydra
 22334 | Lair:4   | Reached XP level 13. HP: 90/90 MP: 21/23
 22397 | Lair:4   | Reached skill level 11 in Transmutations
 23330 | Lair:5   | Found a staircase to the Swamp.
 23809 | Lair:5   | Reached skill level 10 in Dodging
 24244 | Lair:6   | Reached skill level 10 in Fighting
 24344 | Lair:6   | Reached skill level 5 in Invocations
 24733 | Lair:6   | Found a staircase to the Snake Pit.
 25276 | Lair:7   | Found a runed door.
 25278 | Lair:7   | Found a viscous altar of Jiyva.
 26100 | Lair:7   | Reached XP level 14. HP: 82/99 MP: 21/24
 26352 | Lair:7   | Found a staircase to the Slime Pits.
 26493 | Lair:7   | Reached ****** piety under Dithmenos
 26665 | Lair:8   | Entered Level 8 of the Lair of Beasts
 27474 | Lair:8   | Reached skill level 12 in Transmutations
 28538 | Lair:8   | Noticed a dire elephant
 28538 | Lair:8   | Noticed a dire elephant
 28565 | Lair:8   | Noticed a dire elephant
 28658 | Lair:8   | Noticed a dire elephant
 28660 | Lair:8   | Noticed a dire elephant
 28701 | Lair:8   | Killed a dire elephant
 28739 | Lair:8   | Noticed a dire elephant
 28773 | Lair:8   | Killed a dire elephant
 28830 | Lair:8   | Killed a dire elephant
 29046 | Lair:8   | Killed a dire elephant
 29106 | Lair:8   | Killed a dire elephant
 29526 | D:12     | Reached skill level 1 in Shields
 30176 | D:12     | Reached XP level 15. HP: 96/107 MP: 19/25
 30180 | D:12     | Reached skill level 5 in Shields
 30351 | D:12     | Found a staircase to the Orcish Mines.
 30696 | Orc:1    | Entered Level 1 of the Orcish Mines
 30696 | Orc:1    | Noticed Snorg
 30705 | Orc:1    | Killed Snorg
 30707 | Orc:1    | Noticed Harold
 30741 | D:12     | Killed Harold
 30866 | Orc:1    | Noticed Erolcha
 30875 | Orc:1    | Killed Erolcha
 30942 | Orc:1    | Found a burning altar of Makhleb.
 30948 | Orc:1    | Found Vinuriep's Food Shoppe.
 31201 | Orc:2    | Entered Level 2 of the Orcish Mines
 31327 | Orc:2    | Found Ocis's Antique Armour Shoppe.
 31545 | Orc:2    | Found a staircase to the Elven Halls.
 31818 | Orc:2    | Noticed an orc warlord
 31884 | Orc:2    | Killed an orc warlord
 32006 | Orc:2    | Found Ugoematig's Book Shop.
 32373 | Orc:2    | Found Ryaklo's General Store.
 32413 | Orc:2    | Bought a scroll of identify for 28 gold pieces
 32477 | Orc:2    | Found Migoll's Antique Weapon Boutique.
 32486 | Orc:2    | Bought an iridescent mace for 240 gold pieces
 32486 | Orc:2    | Bought a jewelled war axe for 255 gold pieces
 32489 | Orc:2    | Identified the +9 mace "Nuaddata" {elec, rPois Int+4 Dex+4} (You bought it in a shop on level 2 of the Orcish Mines)
 32490 | Orc:2    | Identified the +9 war axe "Goblinslayer" {chop, rPois Int-2 Dex+4} (You bought it in a shop on level 2 of the Orcish Mines)
 32849 | D:13     | Upgraded the game from 0.18-a0-1639-g7533f42 to 0.18-a0-1640-g8b6524e
 32975 | D:13     | Noticed Josephine
 32980 | D:13     | Killed Josephine
 32994 | D:13     | Reached skill level 10 in Shields
 34295 | D:14     | Noticed Kirke
 34308 | D:14     | Killed Kirke
 34365 | D:14     | Reached XP level 16. HP: 97/112 MP: 23/26
 34557 | D:14     | Found a gate to the Vaults.
 35323 | D:15     | Entered Level 15 of the Dungeon
 35323 | D:15     | Noticed Nessos
 35507 | D:15     | Killed Nessos
 35650 | D:15     | Noticed Roxanne
 35674 | D:15     | Killed Roxanne
 35676 | D:15     | Identified Roxanne's Handbook of Transmigration (You took it off Roxanne on level 15 of the Dungeon)
 35849 | D:15     | Found a white marble altar of Elyvilon.
 35862 | D:15     | Found a shimmering altar of Xom.
 36026 | D:15     | Found a staircase to the Depths.
 36709 | Lair:5   | Reached skill level 13 in Transmutations
 36758 | Swamp:1  | Entered Level 1 of the Swamp
 36773 | Swamp:1  | Noticed a thorn hunter
 36794 | Swamp:1  | HP: 1/114 [thorn hunter/volley of thorns (8)]
 36795 | Swamp:1  | Killed a thorn hunter
 38342 | Swamp:2  | Reached skill level 14 in Transmutations
 38746 | Swamp:3  | Noticed a thorn hunter
 38817 | Swamp:3  | Killed a thorn hunter
 38817 | Swamp:3  | Reached XP level 17. HP: 71/119 MP: 23/29
 39030 | Swamp:3  | HP: 7/154 [white very ugly thing (21)]
 39031 | Swamp:3  | Mangled by a spectral seven-headed hydra

Vault maps used:
D:1:      matt_arrival_los_fun, serial_forest, infiniplex_forest_clump_tiny,
          infiniplex_forest_straight_3, infiniplex_forest_side_room,
          infiniplex_forest_straight_3, infiniplex_forest_clump_curved,
          infiniplex_forest_straight_2, infiniplex_forest_split,
          infiniplex_forest_clump_long, infiniplex_forest_clump_tiny,
          minmay_bisected
D:2:      first_bread, corexii_hall_statues_t, supply_closet_lemuel,
          corexii_shack
D:3:      serial_glass, glass_columns_c, glass_columns_a, glass_columns_a,
          glass_columns_b, glass_columns_b, glass_columns_c, glass_columns_c,
          glass_columns_b, mrwooster_statue_mirror, feat_on_display
D:4:      kennysheep_ying_yang, grunt_temple_overflow_diamond, st_stairs_4,
          grunt_ministairs_3, uniq_robin, uniq_natasha
D:5:      lemuel_upstairs_altar
D:6:      gup_sewer_entry_glass, minmay_misc_feat_enclosed
D:7:      nicolae_dithmenos_through_a_glass_darkly,
          minmay_temple_entry_overgrown, serial_co_window_serial,
          co_window_corner_a, co_window_paths_a, co_window_of_opportunity_a,
          co_window_paths_a, co_window_of_opportunity_a, co_window_corner_ca,
          co_window_corner_b, co_window_2corner, co_window_broadway_b,
          glass_columns_a, glass_columns_c, grunt_ministairs_14,
          grunt_ogre_cave, minmay_misc_feat_columns, minmay_misc_feat_plants
D:8:      old_forge, gammafunk_temple_overflow_wave, minmay_diamond_spiral
D:9:      nooodl_food_tri, uniq_maurice
D:10:     special_room, abandoned_shop, st_stairs_14, nicolae_blasting_shop,
          uniq_joseph
D:11:     lair_0_dummy
D:12:     hiddenorc2_lemuel, serial_co_window_serial, co_window_paths_a,
          co_window_corner_a, co_window_paths_b, co_window_paths_a,
          co_window_paths_b, co_window_of_opportunity_a, co_window_paths_b,
          co_window_paths_c, co_window_corner_cb, co_window_broadway_b,
          co_window_broadway_b, co_window_corner_b, glass_columns_a,
          glass_columns_b
D:13:     laboratory, uniq_josephine
D:14:     grunt_vaults_entry_tiered, st_stairs_8, uniq_kirke
D:15:     grunt_enter_depths_magical_seal, serial_bayou, serial_bayou_lagoon_a,
          serial_bayou_lagoon_b, serial_bayou_pond_a, serial_bayou_shore_a,
          basic_altar, elyvilon_altar_5, uniq_roxanne, uniq_nessos
Temple:   circular_temple_12
Lair:1:   serial_bayou_ford_a
Lair:2:   basic_altar, pond, infiniplex_staircase_pool, serial_bayou_shore_b,
          uniq_gastronok
Lair:4:   bh_autumn_forest_stairs, grunt_megastairs_4
Lair:5:   minmay_swamp_entry_worms
Lair:6:   dummy_snake_entry, nicolae_quartered_pool_little, grunt_megastairs_2
Lair:7:   slime_altar_2, eino_small_chamber_without_monster, minivault_19,
          grunt_forest_large_clearings, lemuel_fruit_tree
Lair:8:   due_jungle_book
Swamp:1:  evilmike_swamp_ruin_rubble_1, swamp_pool4
Swamp:2:  nicolae_swamp_trees_clearing, swamp_pool1, nicolae_swamp_snake_nest,
          infiniplex_staircase_pool_2
Swamp:3:  evilmike_swamp_ruin_rubble_2
Orc:1:    serial_shops, nicolae_shop_waterfront, bloody_makhleb, uniq_harold,
          uniq_erolcha, uniq_snorg
Orc:2:    grunt_orc_gardens, grunt_orc_garden, grunt_orc_garden,
          grunt_orc_garden, grunt_orc_garden
Sewer:    kennysheep_door_sewer

Skill      XL: |  1  2  3  4  5  6  7  8  9 10 11 12 13 14 15 16 |
---------------+-------------------------------------------------+-----
Transmutations | 3 4 5 7 8 10 11 12 14 | 14.3
Unarmed Combat | 4 5 6 7 9 10 11 12 13 | 13.2
Spellcasting   | 3 4 5 6 7 8 |  8.6
Fighting       | 5 8 10 11 | 11.8
Dodging        | 6 9 11 | 11.9
Invocations    | 3 6 |  6.6
Shields        | 4 12 | 12.5

Action                   |  1- 3 |  4- 6 |  7- 9 | 10-12 | 13-15 | 16-18 || total
-------------------------+-------+-------+-------+-------+-------+-------++-------
Melee: Unarmed           |    85 |   130 |   297 |   644 |  1153 |   480 ||  2789
 Fire: Blowgun           |       |       |    40 |    75 |    19 |       ||   134
Throw: Throwing net      |       |       |       |       |     2 |       ||     2
 Cast: Beastly Appendage |    15 |     9 |     7 |     1 |       |       ||    32
       Sticks to Snakes  |     3 |     5 |     6 |     3 |     2 |       ||    19
       Spider Form       |       |     7 |    23 |    23 |       |       ||    53
       Cure Poison       |       |     1 |       |     8 |       |     2 ||    11
       Blade Hands       |       |       |     2 |    60 |    81 |    32 ||   175
       Hydra Form        |       |       |       |       |    49 |    15 ||    64
       Apportation       |       |       |       |       |     2 |       ||     2
Invok: Shadow Step       |       |       |       |       |     1 |     1 ||     2
Evoke: Wand              |       |       |     3 |     9 |    10 |     3 ||    25
       Deck              |       |       |       |       |       |     1 ||     1
  Use: Scroll            |     7 |     1 |     6 |    14 |    20 |     7 ||    55
       Potion            |       |     3 |       |     2 |     3 |     2 ||    10
 Stab: Sleeping          |     8 |     4 |     7 |    20 |    23 |     7 ||    69
       Distracted        |       |       |     2 |       |     1 |     4 ||     7
       Petrified         |       |       |       |       |     2 |       ||     2
       Petrifying        |       |       |       |       |     1 |       ||     1
       Confused          |       |       |       |       |       |     1 ||     1
  Eat: Chunk             |     4 |     8 |    18 |    44 |    36 |     7 ||   117
       Beef jerky        |       |     1 |       |     1 |       |       ||     2
       Meat ration       |       |       |     1 |       |       |       ||     1
       Fruit             |       |       |       |     7 |       |       ||     7
       Pizza             |       |       |       |       |     3 |       ||     3
